 Dungeon Crawl Stone Soup version 0.31.0-32-g396128a36d (webtiles) character file.

Game seed: 15508115544138831174

446 imdaedric the Conjurer (level 6, -4/32 HPs)
             Began as a Deep Elf Conjurer on Apr 8, 2024.
             Slain by a killer bee (8 damage)
             ... on level 4 of the Dungeon.
             The game lasted 00:08:20 (4246 turns).

imdaedric the Conjurer (Deep Elf Conjurer)          Turns: 4246, Time: 00:08:21

Health: -4/32      AC:  2    Str:  4    XL:     6   Next: 73%
Magic:  12/16      EV: 12    Int: 31    God:
Gold:   212        SH:  0    Dex: 13    Spells: 10/16 levels left

rFire   . . .        l - +0 dagger
rCold   + . .        (no shield)
rNeg    . . .        a - +0 robe
rPois   .            (no helmet)
rElec   .            (no cloak)
rCorr   .            (no gloves)
SInv    .            (no boots)
Will    .....        (no amulet)
Stlth   ++           d - ring of protection from cold
HPRegen 0.25/turn    k - +6 ring of intelligence
MPRegen 0.15/turn

%: no passive effects
@: lethally poisoned (-4 -> -14)
A: no striking features
a: no special abilities


You were on level 4 of the Dungeon.
You visited 1 branch of the dungeon, and saw 4 of its levels.

You collected 212 gold pieces.

Inventory:

Hand Weapons
 l - a +0 dagger (weapon)
Armour
 a - a +0 robe (worn)
Jewellery
 d - a ring of protection from cold (left hand)
 k - a +6 ring of intelligence (right hand)
Scrolls
 c - a scroll of poison
 f - 2 scrolls of silence
 g - 3 scrolls of enchant weapon
 i - a scroll of fog
 m - a scroll of butterflies {unknown}
 n - a scroll of revelation {unknown}
 o - a scroll of teleportation {unknown}
Potions
 b - a potion of magic
 e - 2 potions of brilliance
 j - a potion of ambrosia


   Skills:
 - Level 2.4 Dodging
 - Level 2.4 Stealth
 * Level 5.7 Spellcasting
 * Level 6.0 Conjurations
 + Level 2.5 Translocations
 * Level 2.8 Earth Magic
 + Level 2.4 Alchemy


You had 10 spell levels left.
You knew the following spells:

 Your Spells              Type           Power      Damage    Failure   Level
a - Magic Dart            Conj           100%       1d8       1%          1
x - Searing Ray           Conj           92%        2d7       1%          2
z - Stone Arrow           Conj/Erth      72%        3d11      2%          3

Your spell library contained the following spells:

 Spells                   Type           Power      Damage    Failure   Level
 Passwall                 Erth           26%        N/A       4%          3
 Ensorcelled Hibernation  Hex/Ice        16%        N/A       8%          2
 Fulminant Prism          Conj/Alch      17%        3d11      9%          4
 Iskenderun's Mystic Bla  Conj/Tloc      35%        2d8       9%          4
 Swiftness                Air            8%         N/A       16%         3
 Animate Armour           Summ/Erth      34%        N/A       28%         4
 Animate Dead             Necr           8%         N/A       45%         4
 Borgnjor's Vile Clutch   Necr/Erth      8%         N/A       61%         5
 Death Channel            Necr           4%         N/A       100%        6
 Lehudib's Crystal Spear  Conj/Erth      18%        10d5      100%        8


Dungeon Overview and Level Annotations

Branches:
Dungeon (4/15)
 Temple: D:4-7

Altars:


Message History

Casting: Searing Ray (safe; 1% risk of failure)
Confirm with . or Enter, or press ? or * to list all spells.
Aiming: Searing Ray (safe; 1% risk of failure)
Press: ? - help, Shift-Dir - straight line (Press . to maintain the ray.)
The killer bee buzzes angrily.
You hear an angry buzzing noise.
A killer bee comes into view.
The searing ray hits the killer bee!
The killer bee is heavily wounded.
The searing ray hits the killer bee.
The killer bee is severely wounded.
The killer bee stings you.
A kobold comes into view. It is wielding a +0 short sword.
The killer bee stings you.
The searing ray hits the killer bee!
You kill the killer bee!
The searing ray misses the killer bee.
The searing ray hits the killer bee!
The killer bee is heavily wounded.
You finish channelling your searing ray.
A killer bee comes into view.
Your Conjurations skill increases to level 6!
A killer bee comes into view.
The killer bee misses you. The killer bee stings you!
Okay, then.
The killer bee attacks as it pursues you!
The killer bee barely misses you. The killer bee stings you!
The killer bee stings you.
* * * LOW HITPOINT WARNING * * *
The killer bee stings you.
* * * LOW HITPOINT WARNING * * *
An orc comes into view. It is wielding a +0 club.
The killer bee stings you.
* * * LOW HITPOINT WARNING * * *
The killer bee barely misses you.
You feel better. The killer bee stings you.
* * * LOW HITPOINT WARNING * * *
You are lethally poisoned!
The killer bee poisons you! The killer bee misses you.
The killer bee closely misses you. The killer bee stings you!
You die...

... ... #.# #.# #.# ##†##
#.# ##y..## #.# ##.yyy.##
### #.# # #..@....##
##.###.#
.##.........####...##.#
...'.........'.......#.#
B..##.........####...##.#
# ####gg# ##......)##
##....<# #.#.....#
##.....## ##.####
#.#)###.# ##...## #.#
#..)....# ##'## #.#
###B##### #. #.#


You could see 4 killer bees.

Vanquished Creatures
  A black bear (D:3)
  A killer bee (D:4)
  A hound (D:4)
  An orc priest (D:4)
  A sleepcap (D:4)
  2 orc wizards
  6 gnolls
  4 adders
  2 dart slugs (D:1)
  A ribbon worm (D:3)
  6 orcs
  3 endoplasms
  4 giant cockroaches
  5 goblins
  5 hobgoblins
  4 jackals (D:2)
  A quokka (D:3)
  10 ball pythons
  6 bats
  5 frilled lizards
  7 kobolds
  3 rats
79 creatures vanquished.

Notes
Turn   | Place    | Note
-------+----------+-------------------------------------------
     0 | D:1      | imdaedric the Deep Elf Conjurer began the quest for the
                  | Orb.
     0 | D:1      | Reached XP level 1. HP: 10/10 MP: 6/6
   387 | D:1      | Reached XP level 2. HP: 15/15 MP: 0/8
   390 | D:1      | Learned a level 2 spell: Searing Ray
   598 | D:1      | Found a faded altar of an unknown god.
  1294 | D:2      | Reached skill level 1 in Translocations
  1294 | D:2      | Reached skill level 1 in Alchemy
  1294 | D:2      | Reached XP level 3. HP: 19/19 MP: 5/10
  1871 | D:3      | Reached skill level 5 in Conjurations
  1878 | D:2      | Reached XP level 4. HP: 24/24 MP: 1/12
  2088 | D:3      | Learned a level 3 spell: Stone Arrow
  2741 | D:3      | Reached skill level 1 in Earth Magic
  2832 | D:3      | Noticed a black bear
  2966 | D:3      | Reached XP level 5. HP: 28/28 MP: 11/14
  3266 | D:3      | Killed a black bear
  3267 | D:3      | Reached skill level 5 in Spellcasting
  3708 | D:4      | Reached XP level 6. HP: 20/32 MP: 11/16
  4243 | D:4      | Reached skill level 6 in Conjurations
  4246 | D:4      | Slain by a killer bee

Illustrated notes

Levels and vault maps discovered:
D:1:      lemuel_arrival_behind_the_door_large, layout_loops_cross,
          chequers_ecumenical_altar_simple_redux
D:2:      layout_basic, hangedman_decor_push
D:3:      layout_loops_corners, hangedman_decor_peaks_small, minmay_box_of_dots
D:4:      layout_loops_corners, minmay_unequal

Skill      XL: |  1  2  3  4  5  6 |
---------------+-------------------+-----
Translocations | 1 2 |  2.5
Alchemy        | 1 2 |  2.4
Spellcasting   | 4 5 |  5.7
Conjurations   | 5 6 |  6.0
Earth Magic    | 1 2 |  2.8
Dodging        | |  2.4
Stealth        | |  2.4

Action                     |  1- 3 |  4- 6 || total
---------------------------+-------+-------++-------
  Melee: Dagger            |       |     9 ||     9
   Cast: Magic Dart        |    63 |    45 ||   108
         Searing Ray       |     6 |    20 ||    26
         Stone Arrow       |       |     6 ||     6
    Use: Scroll            |     3 |     4 ||     7
         Potion            |       |     2 ||     2
 Armour: Robe              |     5 |    31 ||    36
  Dodge: Dodged            |     6 |    23 ||    29
